 Dungeon Crawl Stone Soup version 0.18.1-50-g88ac8fd (webtiles) character file.

2297 KarmaPolice the Sneak (level 9, -1/39 HPs)
             Began as a Vine Stalker Enchanter on Sept 20, 2016.
             Slain by a black bear (4 damage)
             ... on level 7 of the Dungeon.
             The game lasted 00:33:30 (6372 turns).

KarmaPolice the Sneak (Vine Stalker Enchanter)      Turns: 6372, Time: 00:33:30

Health: -1/39      AC:  9    Str: 12      XL:     9   Next: 40%
Magic:  0/18       EV: 11    Int: 11      God:
Gold:   300        SH:  0    Dex: 12 (17) Spells: 5 memorised, 6 levels left

rFire  . . .     SeeInvis .     a - +1 dagger
rCold  . . .     Gourm    .     e - +3 leather armour
rNeg   . . .     Faith    .     (no shield)
rPois  +         Spirit   +     (no helmet)
rElec  .         Dismiss  .     u - +1 cloak {rPois}
rCorr  +         Reflect  .     (no gloves)
SustAt .         Harm     .     C - +0 pair of boots of Insatiable Hunger {MR+ rCorr Int-4}
MR     ++...                    (no amulet)
Stlth  +++.......               (no ring)
                                (no ring)

@: drained, very resistant to hostile enchantments, fairly stealthy
A: fangs 3, regeneration 2, magic shield, antimagic bite, no device heal 3, rot
immunity
a: no special abilities


You were on level 7 of the Dungeon.
You were very hungry.

You visited 1 branch of the dungeon, and saw 7 of its levels.

You collected 300 gold pieces.

Inventory:

Hand Weapons
 a - a +1 dagger (weapon)
Armour
 e - a +3 leather armour (worn)
 f - a troll hide
 u - a +1 cloak of poison resistance (worn)
 C - the +0 pair of boots of Insatiable Hunger (worn) {MR+ rCorr Int-4}
   (You found it on level 5 of the Dungeon)

   It affects your intelligence (-4).
   It affects your resistance to hostile enchantments.
   It protects you from acid and corrosion.
Jewellery
 w - an uncursed ring of see invisible {unknown}
 G - an uncursed amulet of dismissal {unknown}
 H - an uncursed amulet of magic regeneration {unknown}
Wands
 i - a wand of confusion (15/48)
 F - a wand of acid (4/15)
Scrolls
 j - 3 scrolls of remove curse
 k - 2 scrolls of enchant weapon
 p - 4 scrolls of teleportation
 x - a scroll of magic mapping
 y - 2 scrolls of blinking
 z - a scroll of recharging {unknown}
 A - a scroll of fear {unknown}
Potions
 b - 2 potions of mutation {unknown}
 g - 2 potions of cure mutation {unknown}
 l - 4 potions of curing {unknown}
 n - 2 potions of might {unknown}
 q - 2 potions of heal wounds {unknown}
 r - 2 potions of flight {unknown}
 s - 2 potions of degeneration {unknown}
 t - 2 potions of lignification {unknown}
 v - 2 potions of brilliance {unknown}
 B - a potion of ambrosia {unknown}
 E - a potion of agility {unknown}
Books
 c - a book of Maledictions

   Spells                             Type                      Level
   a - Corona                         Hexes                        1
   b - Ensorcelled Hibernation        Hexes/Ice                    2
   c - Confuse                        Hexes                        3
   d - Tukima's Dance                 Hexes                        3
   e - Dazzling Spray                 Conjuration/Hexes            3
 m - a book of Maledictions

   Spells                             Type                      Level
   a - Corona                         Hexes                        1
   b - Ensorcelled Hibernation        Hexes/Ice                    2
   c - Confuse                        Hexes                        3
   d - Tukima's Dance                 Hexes                        3
   e - Dazzling Spray                 Conjuration/Hexes            3
Comestibles
 d - 3 bread rations
 h - 3 fruits
 o - 2 meat rations
 D - a beef jerky


   Skills:
 - Level 2.4(1.9) Short Blades
 + Level 4.1(3.6) Armour
 - Level 1.5(1.1) Dodging
 - Level 6.8(6.3) Stealth
 + Level 5.4(4.9) Spellcasting
 + Level 6.8(6.3) Hexes
 + Level 5.6(5.1) Ice Magic


You had 6 spell levels left.
You knew the following spells:

 Your Spells              Type           Power        Failure   Level  Hunger
a - Corona                Hex            ###....      1%          1    None
b - Ensorcelled Hibernat  Hex/Ice        ###...       6%          2    ##.....
c - Confuse               Hex            ###.....     8%          3    ###....
d - Tukima's Dance        Hex            ###.....     8%          3    ###....
e - Dazzling Spray        Conj/Hex       #.....       28%         3    ###....


Dungeon Overview and Level Annotations

Branches:
Dungeon (7/15)             Temple (0/1) D:7

Altars:
Ashenzari
Elyvilon
Kikubaaqudgha
Ru
Vehumet
Zin
The Shining One

Shops:
D:4 %   D:6 %


Innate Abilities, Weirdness & Mutations

You have razor-sharp teeth.
You heal very quickly.
When hurt, damage is shared between your health and your magic reserves.
Your bite disrupts and absorbs the magic of your enemies.
Potions and wands cannot restore your health.
You are immune to rotting.


Message History

The black bear rages.
The black bear bites you. The black bear closely misses you.
The black bear claws you but does no damage.
The black bear bites you.
The black bear claws you but does no damage.
The black bear barely misses you.
The black bear stops glowing.
The black bear rages.
The black bear bites you.
The black bear claws you but does no damage.
The black bear barely misses you. The black bear bites you.
* * * LOW HITPOINT WARNING * * *
The black bear claws you but does no damage.
The black bear claws you.
* * * LOW HITPOINT WARNING * * *
The black bear bites you.
* * * LOW HITPOINT WARNING * * *
The black bear claws you.
You die...

..............###.##.#'######...#
..............# #..#...######...#
..............# #...#.......#...#
.#####........####..#..####.#...#
.................##.......#.#...#
######.........#.##..#.##.#.#...#
####.#.##.#.###.#.##.#.#...#
#.#....#h# #......#......
#.######@####..######...#
#.##.###......>...#######
#.##....######.##.#....#.
#.##<##.# ####.#.##.#. #.#####.#
#.#.##... #.#.[...# #...#####
#.#.##### ##### #...# #####


You could see a black bear (berserk).

Vanquished Creatures
  The ghost of Rexou the Archer, a novice HEAM of Zin (D:5)
  The ghost of Drunkenshrew the Skirmisher, an amateur DrFi (D:4)
  Sigmund (D:3)
  Eustachio (D:5)
  Duvessa (D:3)
  An ice beast (D:6)
  3 ogres
  A centaur (D:6)
  A giant frog (D:7)
  Dowan (D:4)
  A wight (D:7)
  3 howler monkeys (D:7)
  2 crimson imps
  2 giant frog zombies
  A quasit (D:6)
  Crazy Yiuf (D:3)
  2 hounds
  An orc wizard (D:4)
  2 centaur skeletons (D:6)
  A giant frog skeleton (D:5)
  3 iguanas
  Terence (D:3)
  2 worker ants (D:4)
  A killer bee zombie (D:7)
  A worker ant zombie (D:5)
  6 adders
  2 shadow imps
  2 worms
  5 dart slugs
  2 giant geckos (D:2)
  5 orcs
  3 giant cockroaches
  4 goblins
  7 hobgoblins
  8 jackals
  3 quokkas
  A ball python (D:6)
  9 bats
  2 giant gecko skeletons (D:6)
  4 giant newts
  2 goblin skeletons (D:7)
  3 hobgoblin zombies (D:7)
  4 kobolds
  A kobold skeleton (D:7)
  A kobold zombie (D:7)
  An orc skeleton (D:7)
  4 orc zombies (D:7)
  A quokka skeleton (D:6)
  4 rats
120 creatures vanquished.

Vanquished Creatures (collateral kills)
  Blork the orc (D:5)
1 creature vanquished.

Grand Total: 121 creatures vanquished

Notes
Turn   | Place    | Note
--------------------------------------------------------------
     0 | D:1      | KarmaPolice the Vine Stalker Enchanter began the quest for the Orb.
     0 | D:1      | Reached XP level 1. HP: 9/9 MP: 4/4
    44 | D:1      | Reached skill level 1 in Short Blades
   158 | D:1      | Reached XP level 2. HP: 11/13 MP: 4/6
   212 | D:1      | Learned a level 2 spell: Ensorcelled Hibernation
   719 | D:2      | Reached XP level 3. HP: 16/16 MP: 7/7
   771 | D:2      | Learned a level 3 spell: Confuse
  1522 | D:2      | Reached XP level 4. HP: 20/21 MP: 9/9
  1595 | D:3      | Noticed Sigmund
  1628 | D:3      | Killed Sigmund
  1628 | D:3      | Reached skill level 1 in Ice Magic
  1628 | D:3      | Reached XP level 5. HP: 21/24 MP: 7/11
  1628 | D:3      | Gained mutation: You heal very quickly. [Vine Stalker growth]
  1628 | D:3      | Reached XP level 6. HP: 25/28 MP: 7/12
  1728 | D:3      | Found a sacrificial altar of Ru.
  1815 | D:3      | Noticed Terence
  1822 | D:3      | Killed Terence
  2164 | D:3      | Noticed Crazy Yiuf
  2170 | D:3      | Killed Crazy Yiuf
  2393 | D:4      | Found a shattered altar of Ashenzari.
  2398 | D:4      | Found a glowing silver altar of Zin.
  2414 | D:4      | Noticed Drunkenshrew's ghost (amateur DrFi)
  2444 | D:4      | Learned a level 3 spell: Tukima's Dance
  2474 | D:4      | Reached skill level 5 in Stealth
  3078 | D:4      | Noticed Duvessa
  3078 | D:4      | Noticed Dowan
  3083 | D:4      | Found Qaoschesh's Food Boutique.
  3101 | D:4      | Killed Dowan
  3101 | D:4      | Reached XP level 7. HP: 32/32 MP: 9/14
  3269 | D:3      | Killed Duvessa
  3269 | D:3      | Reached skill level 1 in Armour
  3803 | D:4      | Found an ancient bone altar of Kikubaaqudgha.
  3842 | D:5      | Entered Level 5 of the Dungeon
  3863 | D:5      | Noticed Eustachio
  3909 | D:4      | Killed Drunkenshrew's ghost
  3909 | D:4      | Reached skill level 5 in Hexes
  3909 | D:4      | Gained mutation: You have razor-sharp teeth. [Vine Stalker growth]
  3909 | D:4      | Reached XP level 8. HP: 36/36 MP: 15/15
  3955 | D:5      | Found a white marble altar of Elyvilon.
  3961 | D:5      | Found a radiant altar of Vehumet.
  4060 | D:5      | Noticed Rexou's ghost (novice HEAM)
  4115 | D:5      | Killed Rexou's ghost
  4363 | D:5      | Killed Eustachio
  4545 | D:5      | Got a pair of dazzling boots
  4577 | D:5      | Identified the cursed +0 pair of boots of Insatiable Hunger {MR+ rCorr Int-4} (You found it on level 5 of the Dungeon)
  4725 | D:5      | Noticed Blork the orc
  4744 | D:5      | Killed Blork the orc
  5241 | D:6      | Found Qezolad's Food Shoppe.
  5257 | D:6      | Reached skill level 5 in Ice Magic
  5257 | D:6      | Reached XP level 9. HP: 30/39 MP: 9/17
  5424 | D:6      | Learned a level 3 spell: Dazzling Spray
  5628 | D:6      | Reached skill level 5 in Spellcasting
  6024 | D:7      | Found a glowing golden altar of the Shining One.
  6150 | D:7      | Found a staircase to the Ecumenical Temple.
  6372 | D:7      | Slain by a black bear

Skill      XL: |  1  2  3  4  5  6  7  8  9 |
---------------+----------------------------+-----
Short Blades   | 1 2 |  2.4
Stealth        | 4 5 6 |  6.8
Spellcasting   | 3 4 5 |  5.4
Hexes          | 4 5 6 |  6.8
Ice Magic      | 1 2 3 5 |  5.6
Armour         | 2 3 4 |  4.1
Dodging        | |  1.5

Action                   |  1- 3 |  4- 6 |  7- 9 || total
-------------------------+-------+-------+-------++-------
Melee: Dagger            |    96 |    78 |   359 ||   533
       Bite              |    18 |    27 |    98 ||   143
 Cast: Ensorcelled Hiber |     3 |    13 |    12 ||    28
       Corona            |     3 |     9 |    30 ||    42
       Confuse           |       |       |    16 ||    16
       Tukima's Dance    |       |       |    21 ||    21
       Dazzling Spray    |       |       |     1 ||     1
  Use: Scroll            |       |     2 |     6 ||     8
 Stab: Sleeping          |    15 |    14 |    14 ||    43
       Confused          |       |       |    14 ||    14
       Distracted        |       |       |     1 ||     1
  Eat: Chunk             |     2 |     5 |     6 ||    13
       Royal jelly       |       |       |     1 ||     1
       Meat ration       |       |       |     1 ||     1
       Beef jerky        |       |       |     1 ||     1
Armor: Robe              |    19 |     8 |       ||    27
       Leather armour    |       |       |   184 ||   184
Dodge: Dodged            |    74 |    30 |   261 ||   365
